 Dungeon Crawl Stone Soup version 0.30.1-11-g7821555f0a (webtiles) character file.

Game seed: 1540731466857889904

67 Glitchless the Covered (level 4, -3/29 HPs)
             Began as a Gargoyle Fighter on Dec 5, 2023.
             Killed by divine providence
             ... invoked by an orc priest
              (14 damage)
             ... on level 3 of the Dungeon.
             The game lasted 00:06:49 (1697 turns).

Glitchless the Covered (Gargoyle Fighter)           Turns: 1697, Time: 00:06:50

Health: -3/29      AC: 11    Str: 21    XL:     4   Next: 18%
Magic:  4/4        EV:  9    Int:  9    God:
Gold:   159        SH:  4    Dex:  9    Spells: 3/3 levels left

rFire   . . .        a - +0 flail
rCold   . . .        c - +0 buckler
rNeg    + . .        b - +0 scale mail
rPois   ∞            (no helmet)
rElec   +            (no cloak)
rCorr   .            p - +0 pair of gloves
SInv    .            (no boots)
Will    .....        (no amulet) Stlth
                     t - ring of flight
HPRegen 0.24/turn    (no ring)
MPRegen 0.09/turn

%: no passive effects
@: flying
A: sickness immunity, AC +3, negative energy resistance 1, electricity
resistance, torment resistance 1, petrification resistance
a: no special abilities


You were on level 3 of the Dungeon.
You visited 1 branch of the dungeon, and saw 3 of its levels.

You collected 159 gold pieces.

Inventory:

Hand Weapons
 a - a +0 flail (weapon)
 o - the +10 sling of Qeuh Log {heavy, rF+ Dex+3 Stlth-}
   (You found it on level 2 of the Dungeon)

   Dex:       It affects your dexterity (+3).
   rF:        It protects you from fire.
   Stlth:     It makes you less stealthy.
Missiles
 e - 17 stones (quivered)
Armour
 b - a +0 scale mail (worn)
 c - a +0 buckler (worn)
 p - a +0 pair of gloves (worn)
Jewellery
 t - a ring of flight (left hand)
Wands
 s - a wand of charming (6)
Scrolls
 f - a scroll of identify {unknown}
 g - a scroll of fear {unknown}
 h - a scroll of vulnerability {unknown}
 k - a scroll of enchant armour {unknown}
 l - a scroll of teleportation {unknown}
 m - a scroll of magic mapping {unknown}
 n - 2 scrolls of butterflies {unknown}
 q - a scroll of blinking {unknown}
 u - 3 scrolls of enchant weapon {unknown}
Potions
 d - a potion of might
 i - 2 potions of degeneration {unknown}
 j - a potion of heal wounds {unknown}
 r - a potion of resistance {unknown}


   Skills:
 * Level 3.6 Fighting
 * Level 2.7 Maces & Flails
 * Level 4.0 Armour
 * Level 0.8 Dodging
 * Level 3.7 Shields


You had 3 spell levels left.
You didn't know any spells.
Your spell library was empty.

Dungeon Overview and Level Annotations

Branches:
Dungeon (3/15)

Altars:
Kikubaaqudgha


Innate Abilities, Weirdness & Mutations

You are immune to sickness and miasma.
Your stone body is resilient. (AC +3)
You are immune to poison.
You resist negative energy. (rN+)
You are resistant to electric shocks. (rElec)
You are resistant to unholy torment.
You are immune to petrification.


Message History

You sock the ball python!
You kill the ball python!
An orc and an orc priest come into view.
The orc shouts!
The orc priest shouts!
An orc comes into view. It is wielding a +0 whip.
You hit the orc.
The orc is severely wounded.
The orc hits you but does no damage.
You closely miss the orc.
The orc is severely wounded.
The orc hits you but does no damage.
You sock the orc!
You kill the orc!
The orc priest invokes the aid of Beogh against you.
Beogh smites you! The orc closely misses you.
Your Armour skill increases to level 4!
You closely miss the orc. The orc hits you but does no damage.
You hit the orc but do no damage. The orc hits you but does no damage.
You sock the orc!
The orc is almost dead.
The orc completely misses you. The orc barely misses you.
You closely miss the orc.
The orc is almost dead.
The orc hits you but does no damage.
You sock the orc!
You kill the orc!
The orc priest miscasts a cantrip.
The orc priest hits you but does no damage.
Things that are here:
a +0 whip; a +0 club; an orc corpse You hit the orc priest.
The orc priest is lightly wounded.
The orc priest completely misses you.
The orc priest invokes the aid of Beogh against you.
Pain shoots through your body!
You barely miss the orc priest.
The orc priest is lightly wounded.
The orc priest invokes the aid of Beogh against you.
Beogh smites you!
You die...

... #.# #.# #.# #.#
############.#
#o@.......##.# ####
#.#######.##.###...
#.. #.##....... ##.
#.#...##### ..
#.....# # #.
#.....# # #.
#.##..# # ..
#####.##..#####
#.....##.....<.


You could see an orc priest.

Vanquished Creatures
  2 adders (D:2)
  A dart slug (D:1)
  2 orcs (D:3)
  3 ball pythons
  5 bats
  3 endoplasms (D:2)
  3 giant cockroaches
  4 goblins
  6 hobgoblins
  6 kobolds
  3 frilled lizards
  5 rats
43 creatures vanquished.

Notes
Turn   | Place    | Note
-------+----------+-------------------------------------------
     0 | D:1      | Glitchless the Gargoyle Fighter began the quest for the
                  | Orb.
     0 | D:1      | Reached XP level 1. HP: 14/14 MP: 1/1
   371 | D:1      | Reached XP level 2. HP: 18/19 MP: 2/2
   721 | D:1      | Reached XP level 3. HP: 23/23 MP: 3/3
   866 | D:2      | Found a faded altar of an unknown god.
   990 | D:2      | Identified the +10 sling of Qeuh Log {heavy, rF+ Dex+3
                  | Stlth-}
  1297 | D:2      | Reached XP level 4. HP: 28/29 MP: 4/4
  1514 | D:2      | Found an ancient bone altar of Kikubaaqudgha.
  1690 | D:3      | Reached skill level 4 in Armour
  1697 | D:3      | Killed from afar by an orc priest

Illustrated notes

Levels and vault maps discovered:
D:1:      matt_arrival_los_fun, layout_basic
D:2:      layout_loops_cross, basic_altar, nicolae_ecumenical_oubliette,
          dk_noncrumbling_3, kennysheep_nondescript
D:3:      layout_loops_corners, beargit_hepliaklqana_dungeon_heroes,
          okawaru_ov_weapons_minmay, mainiacjoe_overflow_tiny_flanked,
          grunt_ministairs_14, kennysheep_small_spiral, serial_park_tiny_pond,
          nrook_mini_backslash, uniq_natasha

Skill      XL: |  1  2  3  4 |
---------------+-------------+-----
Armour         | 4 |  4.0
Fighting       | |  3.6
Maces & Flails | |  2.7
Dodging        | |  0.8
Shields        | |  3.7

Action                     |  1- 3 |  4- 6 || total
---------------------------+-------+-------++-------
  Melee: Flail             |   137 |    35 ||   172
 Armour: Scale mail        |   103 |    16 ||   119
  Dodge: Dodged            |    68 |    15 ||    83
  Block: Buckler           |    42 |     4 ||    46
